 Dungeon Crawl Stone Soup version 0.24-a0-652-g46ecf6da75 (webtiles) character file.

Game seed: 6227140880757702184, levelgen mode: deterministic

21 Gynju the Conjurer (level 2, 0/15 HPs)
             Began as a Deep Elf Conjurer on Sept 26, 2019.
             Slain by a jackal (2 damage)
             ... on level 1 of the Dungeon.
             The game lasted 00:00:51 (421 turns).

Gynju the Conjurer (Deep Elf Conjurer)               Turns: 421, Time: 00:00:51

Health: 0/15       AC:  2    Str:  5    XL:     2   Next: 62%
Magic:  2/8        EV: 13    Int: 19    God:
Gold:   0          SH:  0    Dex: 15    Spells: 7/8 levels left

rFire    . . .     SeeInvis .   h - +0 whip
rCold    . . .     Gourm    .   (no shield)
rNeg     . . .     Faith    .   a - +0 robe
rPois    .         Spirit   .   (no helmet)
rElec    .         Reflect  .   (no cloak)
rCorr    .         Harm     .   (no gloves)
MR       .....                  (no boots)
Stlth    ++........             (no amulet)
HPRegen  0.05/turn              (no ring)
MPRegen  0.11/turn              (no ring)

@: no status effects
A: no striking features
a: no special abilities


You were on level 1 of the Dungeon.
You were not hungry.

You visited 1 branch of the dungeon, and saw 1 of its levels.

Inventory:

Hand Weapons
 h - a +0 whip (weapon)
Armour
 a - a +0 robe (worn)
Scrolls
 b - a scroll of identify {unknown}
 f - a scroll of fog {unknown}
Potions
 d - a potion of degeneration {unknown}
 e - a potion of agility {unknown}
Comestibles
 c - 2 rations
 g - a chunk of flesh


   Skills:
 - Level 2.4 Dodging
 - Level 2.4 Stealth
 + Level 3.8 Spellcasting
 + Level 4.8 Conjurations


You had 7 spell levels left.
You knew the following spells:

 Your Spells              Type           Power        Failure   Level  Hunger
a - Magic Dart            Conj           ###.         1%          1    None

Your spell library contained the following spells:

 Spells                   Type           Power        Failure   Level  Hunger
 Searing Ray              Conj           ###...       2%          2    ##.....
 Dazzling Spray           Conj/Hex       ##....       16%         3    ###....
 Iskenderun's Mystic Bla  Conj           ###.....     19%         4    ####...
 Force Lance              Conj/Tloc      ##......     45%         4    ####...
 Fulminant Prism          Conj/Hex       ##........   45%         4    ####...


Dungeon Overview and Level Annotations

Branches:
Dungeon (1/15)

Altars:


Message History

Press: ? - help, Shift-Dir - straight line, f/p - jackal
Aim: a jackal The magic dart hits the jackal.
The jackal is moderately wounded.
The jackal barely misses you.
Casting: Magic Dart (safe; 1% risk of failure)
Confirm with . or Enter, or press ? or * to list all spells.
You don't have enough magic to cast that spell.
Casting: Magic Dart (safe; 1% risk of failure)
Confirm with . or Enter, or press ? or * to list all spells.
You don't have enough magic to cast that spell.
Casting: Magic Dart (safe; 1% risk of failure)
Confirm with . or Enter, or press ? or * to list all spells.
You don't have enough magic to cast that spell.
The jackal bites you.
* * * LOW HITPOINT WARNING * * *
The jackal misses you. The jackal barely misses you. The jackal bites you.
You die...

..
#..........h...##.......
.#
#.####.#######.######...
#.. #.# #.# #.# #... .#
#h# #.# #.########. .
#.# #.# #hh........ ...
#.# #.# #.####.####
.....####.# #.# #.#
#...## ....)....#.#
#.#######.# ###.#.
.......(###.##.@hh.h...#
#.#. .....###.
############# #.#. #.##
#h #.#. # .# #.#. # #.#.
#.#. #######÷#.
#.......†. #.#####.##


You could see 3 jackals.

Vanquished Creatures
  2 bats (D:1)
  A goblin (D:1)
  4 hobgoblins (D:1)
  4 jackals (D:1)
  4 kobolds (D:1)
  A frilled lizard (D:1)
  A rat (D:1)
17 creatures vanquished.

Notes
Turn   | Place    | Note
-------+----------+-------------------------------------------
     0 | D:1      | Gynju the Deep Elf Conjurer began the quest for the Orb.
     0 | D:1      | Reached XP level 1. HP: 10/10 MP: 6/6
   139 | D:1      | Reached XP level 2. HP: 15/15 MP: 4/8
   421 | D:1      | Slain by a jackal

Levels and vault maps discovered:
D:1:      psy_arrival_dodecagon, layout_loops_ring,
          wander_ebering_terrifying_dragon_lair

Action                   || total
-------------------------++-------
Melee: Whip              ||     3
 Cast: Magic Dart        ||    31
Armor: Robe              ||     7
Dodge: Dodged            ||    16

Table legend:
 A = Non-vault XP
 B = Vault XP
 C = Vault XP percentage of total XP
 D = Non-vault monster count
 E = Vault monster count
 F = Vault count percentage of total count
                 A         B        C        D         E       F
            +---------+---------+-------+---------+---------+-------
      Total |      30 |       0 |   0.0 |      17 |       0 |   0.0
            +---------+---------+-------+---------+---------+-------
        D:1 |      30 |       0 |   0.0 |      17 |       0 |   0.0
            +---------+---------+-------+---------+---------+-------
